cohdb
Replays
Latest Replays
All Replays
Popular Replays
Top Player Replays
Match Explorer
How It Works
Community
CoH3 Stats
Reddit
Sign in to upload your games and track your stats! →
Sign in with Steam
Match 41570489
Unlisted
Match 41570489
Overview
Messages
Build Orders
End
Construct Infanterie Kompanie
Kettenkrad Recon Vehicle
Grenadier Squad
MG 42 Machine Gun Team
Selects Terror Battlegroup
Selects Machine Gun Camouflage
Grenadier Squad
MG 42 Machine Gun Team
Construct Panzergrenadier Kompanie
251 Medium Carrier
Selects Interrogate
Kettenkrad Recon Vehicle
Panzergrenadier Squad
Medical Station
Construct Panzer Kompanie
Panzer IV Medium Tank
Stoßtruppen Squad
Panzer IV Medium Tank
Selects No Quarter
Pak 40 Anti-tank Gun Team
Panzer IV Medium Tank
Selects Propaganda Leaflet Drop
Selects V1 Rocket Strike
Panzergrenadier Officer Quarters
Propaganda Leaflet Drop
Pioneer Squad
Pak 40 Anti-tank Gun Team
V1 Rocket Strike
Panzer IV Medium Tank
Panzer Officer Quarters
Kettenkrad Recon Vehicle
Pak 40 Anti-tank Gun Team
(KCC)MGfirst
Shinshigumi
0
0
Comments
sign in to comment!
No comments posted yet!